 Dungeon Crawl Stone Soup version 0.24.1-11-gbbbb2193e6 (webtiles) character file.

Game seed: 10127313521065459700, levelgen mode: deterministic

70 Hugehornet the Insei (level 4, -2/28 HPs)
             Began as an Octopode Transmuter on May 13, 2020.
             Slain by Eustachio
             ... wielding a cursed -2 rapier
              (4 damage)
             ... on level 6 of the Dungeon.
             The game lasted 00:03:51 (2518 turns).

Hugehornet the Insei (Octopode Transmuter)          Turns: 2518, Time: 00:03:52

Health: -2/28      AC:  1    Str:  9    XL:     4   Next: 21%
Magic:  6/8        EV: 15    Int: 16    God:
Gold:   87         SH:  0    Dex: 12    Spells: 2/8 levels left

rFire    + . .     SeeInvis +     - Unarmed
rCold    . . .     Gourm    .   (no shield)
rNeg     . . .     Faith    .   (helmet restricted)
rPois    .         Spirit   .   (no amulet)
rElec    .         Reflect  .   b - ring of protection from fire
rCorr    .         Harm     .   p - +2 ring of evasion
MR       .....                  q - ring of see invisible
Stlth    ++........             (no ring)
HPRegen  0.09/turn              (no ring)
MPRegen  0.11/turn              (no ring)
                                (no ring)
                                (no ring)

@: no status effects
A: almost no armour, stealthy swim, amphibious, 8 rings, constrict 8, camouflage
1, gelatinous body 1
a: no special abilities


You were on level 6 of the Dungeon.
You were hungry.

You visited 1 branch of the dungeon, and saw 4 of its levels.

You collected 87 gold pieces.

Inventory:

Missiles
 a - 26 arrows
Jewellery
 b - a ring of protection from fire (left tentacle)
 p - a +2 ring of evasion (right tentacle)
 q - a ring of see invisible (on tentacle)
Scrolls
 e - a scroll of fog {unknown}
 f - a scroll of remove curse
 g - a scroll of fear {unknown}
 h - a scroll of noise
 i - a scroll of blinking {unknown}
 j - 5 scrolls of identify
 l - a scroll of teleportation {unknown}
Potions
 d - a potion of resistance
 k - a potion of haste {unknown}
 m - a potion of berserk rage {unknown}
 n - a potion of curing {unknown}
 o - a potion of degeneration {unknown}
Comestibles
 c - 2 rations


   Skills:
 - Level 1.0 Fighting
 - Level 2.0 Dodging
 + Level 3.2 Unarmed Combat
 + Level 2.7 Spellcasting
 - Level 3.0 Transmutations
 * Level 2.0 Poison Magic


You had 2 spell levels left.
You knew the following spells:

 Your Spells              Type           Power        Failure   Level  Hunger
a - Beastly Appendage     Tmut           ##....       5%          1    #......
b - Sticks to Snakes      Tmut           ##......     9%          2    ##.....
c - Spider Form           Tmut/Pois      ##........   21%         3    ###....

Your spell library contained the following spells:

 Spells                   Type           Power        Failure   Level  Hunger
 Ice Form                 Ice/Tmut       #.......     71%         4    #####..
 Blade Hands              Tmut           ##........   83%         5    ######.


Dungeon Overview and Level Annotations

Branches:
Dungeon (3/15)

Altars:

Annotations:
D:6 Eustachio, Sigmund


Innate Abilities, Weirdness & Mutations

You cannot wear most types of armour.
You are very stealthy in the water. (Stealth+)
You are amphibious.
You can wear up to eight rings at the same time.
You can use your tentacles to constrict eight enemies at once.
Your skin changes colour to match your surroundings (Stealth+).
Your rubbery body absorbs attacks. (AC +1, EV +1)


Message History

d - a potion of resistance Eustachio gestures wildly while chanting.
The hippogriff bites you! The hippogriff misses you. The hippogriff claws you.
* * * LOW HITPOINT WARNING * * *
As you read the scroll labeled FUYBOU JUZEXEE, it crumbles to dust.
You feel blessed for a moment.
It was a scroll of remove curse.
Sigmund flickers, as though insubstantial.
Sigmund completely misses you.
Eustachio says, "My allies will avenge me."
Eustachio mumbles some strange words.
The hippogriff completely misses you. The hippogriff misses you.
The hippogriff claws you.
* * * LOW HITPOINT WARNING * * *
As you read the scroll labeled FOICSI SUYT, it crumbles to dust.
You hear a loud clanging noise!
It was a scroll of noise.
Your transformation has ended.
You hear a shout! x2
Eustachio hits you with a cursed -2 rapier.
You die...

♣. ♣♣H. ♣.
.?♣ ♣
♣.♣!.♣.♣
♣..♣♣♣.♣
♣......♣
♣♣♣5r♣♣♣ #
#Z5#
#...###@H#
#....5@@##
+...#####
#.


You could see a hippogriff, Eustachio, Sigmund, 2 quasits, a crimson imp, a
howler monkey zombie and a rat.

Vanquished Creatures
  Terence (D:2)
  A worm (D:2)
  2 dart slugs (D:1)
  A leopard gecko (D:1)
  An orc (D:3)
  A giant cockroach (D:1)
  3 goblins (D:1)
  8 hobgoblins
  A ball python (D:3)
  7 bats
  3 frilled lizards (D:1)
  4 kobolds
  3 rats
  A bush (D:1)
37 creatures vanquished.

Notes
Turn   | Place    | Note
-------+----------+-------------------------------------------
     0 | D:1      | Hugehornet the Octopode Transmuter began the quest for the
                  | Orb.
     0 | D:1      | Reached XP level 1. HP: 13/13 MP: 3/3
   154 | D:1      | Reached XP level 2. HP: 16/18 MP: 3/5
   162 | D:1      | Learned a level 2 spell: Sticks to Snakes
   480 | D:1      | Reached XP level 3. HP: 7/23 MP: 3/6
   485 | D:1      | Learned a level 3 spell: Spider Form
  1738 | D:2      | You fall into a shaft and drop 1 floor!
  1807 | D:3      | Reached skill level 1 in Poison Magic
  2205 | D:2      | Noticed Terence
  2218 | D:2      | Killed Terence
  2218 | D:2      | Reached XP level 4. HP: 28/28 MP: 1/8
  2505 | D:3      | You fall into a shaft and drop 3 floors!
  2505 | D:6      | Noticed a hippogriff
  2510 | D:6      | Noticed Eustachio
  2513 | D:6      | Noticed Sigmund
  2518 | D:6      | Slain by Eustachio

Levels and vault maps discovered:
D:1:      ebering_trefoil_twist, layout_basic, serial_forest,
          infiniplex_forest_end_2, infiniplex_forest_lined_room_3,
          infiniplex_forest_clump_cross, infiniplex_forest_lined_4_way,
          infiniplex_forest_zigzag_2, infiniplex_forest_end_double,
          infiniplex_forest_zigzag_2, infiniplex_forest_lined_1
D:2:      layout_loops_ring, first_ration, uniq_terence
D:3:      lemuel_castle_with_subvaults [lemuel_castle_interior_carwin_1],
          layout_basic, kiku_gazebo_garden_becter
D:6:      layout_basic, gammafunk_temple_overflow_pools, minmay_misc_feat_five,
          kennysheep_generic_room_7, uniq_eustachio, uniq_sigmund

Skill      XL: |  1  2  3 |
---------------+----------+-----
Transmutations | 3 |  3.0
Poison Magic   | 2 |  2.0
Fighting       | |  1.0
Dodging        | |  2.0
Unarmed Combat | |  3.2
Spellcasting   | |  2.7

Action                   |  1- 3 |  4- 6 || total
-------------------------+-------+-------++-------
Melee: Unarmed           |   207 |     5 ||   212
       Constrict         |    21 |     2 ||    23
       Kick              |    47 |     2 ||    49
       Tentacles         |    38 |       ||    38
       Punch             |     3 |       ||     3
 Cast: Beastly Appendage |    27 |     2 ||    29
       Spider Form       |     1 |     1 ||     2
  Use: Scroll            |       |     3 ||     3
 Stab: Sleeping          |     6 |     2 ||     8
  Eat: Chunk             |     1 |     1 ||     2
       Ration            |     1 |       ||     1
Armor: Skin              |     9 |     1 ||    10
Dodge: Dodged            |    45 |    15 ||    60
